 Dungeon Crawl Stone Soup version 0.31-a0-1308-ga3cce3a448 (webtiles) character file.

Game seed: 9113578709464002849

19412 grandjackal the Fighter (level 12, -4/117 HPs)
             Began as a Green Draconian Gladiator on Dec 20, 2023.
             Was a Believer of Ashenzari.
             Slain by a two-headed ogre
             ... wielding a +0 giant club
              (23 damage)
             ... on level 12 of the Dungeon.
             The game lasted 00:19:14 (12982 turns).

grandjackal the Fighter (DrGl)                     Turns: 12982, Time: 00:19:15

Health: -4/117     AC: 10    Str: 17    XL:     12   Next: 36%
Magic:  24/24      EV: 14    Int: 14    God:    Ashenzari [**....]
Gold:   619        SH:  6    Dex: 16    Spells: 25/28 levels left

rFire   . . .        a - +4 scimitar of the Lashed Heavens {flame, Self, Dev} (curse)
rCold   + . .        O - +0 buckler
rNeg    + + +        (body armour unavailable)
rPois   +            b - +0 hat of Ashenzari's Seer {Alch, Self} (curse)
rElec   .            I - +0 cloak
rCorr   .            A - +0 pair of gloves of Supernal Understanding {Elem, Fort} (curse)
SInv    +            (no boots)
Will    .....        B - amulet of Starshine {rPois rN+++ Regen+ Int-2 Stlth+}
Stlth   ++           f - +6 ring of intelligence
HPRegen 1.19/turn    P - ring of protection from cold
MPRegen 0.19/turn

%: no passive effects
@: no status effects
A: breathe noxious fumes, AC +8, unfitting armour, poison resistance,
cold-blooded
a: Breathe Noxious Fumes, Renounce Religion, Curse Item, Shatter the Chains


You were on level 12 of the Dungeon.
You worshipped Ashenzari.
Ashenzari was pleased with you.
You visited 2 branches of the dungeon, and saw 13 of its levels.
You also visited: Ossuary.

You collected 789 gold pieces.
You spent 170 gold pieces at shops.

Inventory:

Hand Weapons
 a - the cursed +4 scimitar of the Lashed Heavens (weapon) {flame, Self, Dev}
   (You took it off an efreet on level 9 of the Dungeon)

   It has a curse which improves the following skills: Introspection: Fighting
   and Spellcasting.
   Devices:   Evocations and Shapeshifting.
 v - a +1 short sword of venom
 C - a +0 long sword of freezing
Missiles
 c - 5 throwing nets (quivered)
 d - a javelin
Armour
 b - the cursed +0 hat of Ashenzari's Seer (worn) {Alch, Self}

   It has a curse which improves the following skills: Alchemy: Poison Magic and
   Transmutations.
   Introspection: Fighting and Spellcasting.
 A - the cursed +0 pair of gloves of Supernal Understanding (worn) {Elem, Fort}
   (You bought it in a shop on level 6 of the Dungeon)

   It has a curse which improves the following skills: Elements: Fire Magic, Ice
   Magic, Air Magic and Earth Magic.
   Fortitude: Shields.
 I - a +0 cloak (worn)
 O - a +0 buckler (worn)
Jewellery
 e - a ring of fire
 f - a +6 ring of intelligence (left hand)
 n - a ring of willpower
 s - an amulet of reflection
 y - a ring of willpower
 B - the amulet of Starshine (around neck) {rPois rN+++ Regen+ Int-2 Stlth+}
   (You acquired it on level 10 of the Dungeon)

   [amulet of regeneration]

   Int-2:     It affects your intelligence (-2).
   rPois:     It protects you from poison rN+++: It renders you almost immune to
   negative energy.
   Regen+:    It increases your rate of health regeneration.
   Stlth+:    It makes you more stealthy.
 P - a ring of protection from cold (right hand)
Wands
 q - a wand of paralysis (40)
 x - a wand of digging (12)
 z - a wand of flame (21)
 M - a wand of acid (5)
Scrolls
 j - a scroll of vulnerability
 m - 2 scrolls of torment
 o - 11 scrolls of identify
 p - 8 scrolls of teleportation
 t - 5 scrolls of blinking
 w - 2 scrolls of enchant weapon
 E - a scroll of fog
 H - 2 scrolls of revelation
 J - a scroll of brand weapon
 K - a scroll of poison
 L - a scroll of immolation
 N - a scroll of amnesia
Potions
 g - 5 potions of curing
 h - 4 potions of attraction
 i - 2 potions of mutation
 k - 2 potions of cancellation
 l - 6 potions of lignification
 r - a potion of enlightenment
 u - a potion of invisibility
 D - a potion of degeneration
 F - 2 potions of brilliance
 G - a potion of haste
 Q - a potion of resistance
 R - a potion of heal wounds


   Skills:
 + Level 12.5(14.2) Fighting
 - Level 10.0 Long Blades
 - Level 2.0 Throwing
 - Level 5.7 Dodging
 - Level 4.8(6.0) Shields
 + Level 7.0(8.8) Spellcasting
 + Level 2.7 Conjurations
 - Level 5.0(6.1) Air Magic
 - Level 9.2(10.4) Poison Magic


You had 25 spell levels left.
You knew the following spells:

 Your Spells              Type           Power      Damage    Failure   Level
a - Mephitic Cloud        Conj/Pois/Air  24%        N/A       3%          3

Your spell library contained the following spells:

 Spells                   Type           Power      Damage    Failure   Level
 Magic Dart               Conj           52%        1d5       4%          1
 Apportation              Tloc           12%        N/A       14%         1
 Call Imp                 Summ           12%        N/A       22%         2
 Jinxbite                 Hex            12%        N/A       22%         2
 Lesser Beckoning         Tloc           12%        N/A       22%         2
 Inner Flame              Hex/Fire       6%         N/A       38%         3
 Ozocubu's Armour         Ice            6%         N/A       38%         3
 Call Canine Familiar     Summ           6%         N/A       41%         3
 Gell's Gravitas          Tloc           6%         N/A       41%         3
 Sigil of Binding         Hex            6%         N/A       41%         3
 Teleport Other           Tloc           6%         N/A       41%         3
 Alistair's Intoxication  Tmut/Pois      13%        N/A       43%         5
 Flame Wave               Conj/Fire      10%        2d6       63%         4
 Sticky Flame             Conj/Fire      10%        2d3       63%         4
 Animate Dead             Necr           6%         N/A       82%         4
 Dimensional Bullseye     Hex/Tloc       3%         N/A       82%         4
 Metabolic Englaciation   Hex/Ice        3%         N/A       98%         5
 Simulacrum               Ice/Necr       3%         N/A       100%        6
 Haunt                    Necr/Summ      3%         N/A       100%        7
 Infestation              Necr           3%         N/A       100%        8


Dungeon Overview and Level Annotations

Branches:
Dungeon (12/15)            Temple (1/1) D:7            Lair (0/5) D:8
    Orc (0/2) D:9         Ossuary (visited)

Altars:
Ashenzari
Cheibriados
Dithmenos
Elyvilon
Fedhas
Gozag
Hepliaklqana
Kikubaaqudgha
Makhleb
Nemelex Xobeh
Okawaru
Qazlal
Ru
Sif Muna
Trog
Uskayaw
Vehumet
Wu Jian
Xom
Yredelemnul
Zin
The Shining One

Shops:
D:6 [   D:9 ((   D:10 [

Annotations:
D:8 1 runed translucent door, snackwell's ghost, novice DsIE
D:12 3 runed translucent doors, mirrorencyclopedia's ghost, journeyman GrEE


Innate Abilities, Weirdness & Mutations

You can breathe blasts of noxious fumes.
Your lurid green scales are hard. (AC +8)
You cannot fit into any form of body armour.
Your system is resistant to poisons. (rPois)
You are cold-blooded and may be slowed by cold attacks.


Message History

The slime creature is heavily wounded.
The slime creature hits you!
The acid blob quivers.
You slash the slime creature! You burn the slime creature.
You tail-slap the slime creature.
The slime creature is almost dead.
The slime creature barely misses you. x2
You slash the slime creature! You burn the slime creature.
You kill the slime creature!
The slime creature completely misses you.
Unknown command.
You slice the slime creature!! You burn the slime creature.
The slime creature is heavily wounded.
You slash the slime creature! You burn the slime creature.
Your tail-slap misses the slime creature.
The slime creature is almost dead.
The slime creature hits you!
You slash the slime creature! You burn the slime creature.
You kill the slime creature!
The azure jelly quivers.
You slash the two-headed ogre! You burn the two-headed ogre.
The two-headed ogre is moderately wounded.
The two-headed ogre hits you with a +0 giant club!!
The two-headed ogre hits you with a +0 giant club!
You slash the two-headed ogre! You burn the two-headed ogre!
The two-headed ogre is severely wounded.
The two-headed ogre hits you with a +0 giant club!
The two-headed ogre hits you with a +0 giant club!!
* * * LOW HITPOINT WARNING * * *
You are too injured to fight recklessly!
You are too injured to fight recklessly!
You barely miss the two-headed ogre. You tail-slap the two-headed ogre.
The two-headed ogre is severely wounded.
The slime creature quivers.
You hit the two-headed ogre. You burn the two-headed ogre.
The two-headed ogre is almost dead.
The two-headed ogre hits you with a +0 giant club!!
* * * LOW HITPOINT WARNING * * *
The two-headed ogre hits you with a +0 giant club!!
You die...

..>...##...# ###
#.....#..... #.. #
#.....+J...[ #.# #.
#...?.+JJJJ? #.# #..
###.....+JJJ.} ####.#
#O..#.......#JJ..J##..#.##
...........# {{{##......#
...........#######.##.....
#........@....†...........
.....###O#########.#######
#..# #.# #...##### # #.#
###.#..). #.# ..' #...###
#.# #.# #######.## . #.#
#.# +........# . ### #.#
###..# #######.## #.#..
#.# ... #......#


You could see a rockslime, a two-headed ogre and a quicksilver ooze.

Vanquished Creatures
  Josephine (D:12)
  A boulder beetle (D:12)
  2 two-headed ogres (D:12)
  A death yak (D:12)
  3 skeletal warriors (D:11)
  A lindwurm (shapeshifter) (D:9)
  3 ugly things (D:11)
  An elephant (D:8)
  A manticore (D:12)
  Maggie (D:7)
  2 unseen horrors
  An efreet (D:9)
  5 trolls
  3 hornets
  A polar bear (D:12)
  Prince Ribbit (D:7)
  8 slime creatures
  A centaur simulacrum (D:12)
  3 shadows (D:10)
  2 wyverns
  4 wraiths (D:12)
  13 yaks
  A vampire (D:11)
  A basilisk (D:12)
  A steam dragon (D:6)
  A water moccasin (D:8)
  A sky beast (D:8)
  3 black bears
  6 orc warriors
  3 ice beasts (D:12)
  2 ogres
  A wolf (D:12)
  3 centaurs
  3 elf zombies (Ossuary)
  4 bullfrogs
  3 scorpions (D:6)
  5 wights (D:8)
  3 killer bees (D:8)
  5 howler monkeys
  A jelly (D:8)
  3 hounds
  Crazy Yiuf (D:7)
  8 orc priests
  2 sleepcaps (D:5)
  A spectral scorpion (Ossuary)
  Jessica (D:2)
  A human zombie (Ossuary)
  5 iguanas
  8 orc wizards
  3 hound zombies (Ossuary)
  3 mummies (Ossuary)
  9 gnolls
  9 adders
  5 white imps
  5 ufetubi
  9 adder zombies (Ossuary)
  2 dart slugs
  48 orcs
  8 ball pythons
  5 endoplasms
  8 goblins
  11 hobgoblins
  10 jackals
  8 kobolds
  4 quokkas
  3 ball python zombies (Ossuary)
  6 bats
  3 frilled lizards
  A gnoll zombie (Ossuary)
  6 hobgoblin zombies (Ossuary)
  5 jackal zombies (Ossuary)
  4 kobold zombies (Ossuary)
  An orc zombie (Ossuary)
  11 rats
323 creatures vanquished.

Vanquished Creatures (others)
  An orc priest (D:5)
  2 orc wizards
  An orc (D:5)
  A kobold (D:8)
5 creatures vanquished.

Grand Total: 328 creatures vanquished

Notes
Turn   | Place    | Note
-------+----------+-------------------------------------------
     0 | D:1      | grandjackal the Draconian Gladiator began the quest for the
                  | Orb.
     0 | D:1      | Reached XP level 1. HP: 17/17 MP: 1/1
    36 | D:1      | You fall into a shaft and drop 1 floor!
    71 | D:2      | Reached XP level 2. HP: 24/25 MP: 2/2
   344 | D:1      | Reached XP level 3. HP: 8/30 MP: 3/3
   615 | D:1      | Reached skill level 3 in Fighting
   866 | D:2      | Noticed Jessica
   875 | D:2      | Killed Jessica
   883 | D:2      | Reached XP level 4. HP: 30/38 MP: 4/4
  1025 | D:2      | Identified the +0 robe of Sunlight {+Inv Will- Str+3}
  1838 | D:3      | Found a faded altar of an unknown god.
  1887 | D:3      | Noticed an ogre
  1894 | D:3      | Killed an ogre
  1895 | D:3      | Reached skill level 4 in Fighting
  1895 | D:3      | Reached XP level 5. HP: 45/46 MP: 5/5
  2608 | D:4      | Reached XP level 6. HP: 53/53 MP: 6/6
  3103 | D:5      | Entered Level 5 of the Dungeon
  3598 | D:5      | Reached skill level 5 in Fighting
  3616 | D:5      | Found a hazy altar of Hepliaklqana.
  3811 | D:5      | Reached skill level 5 in Long Blades
  4243 | D:6      | Your scales start taking on a lurid green colour.
  4243 | D:6      | Reached XP level 7. HP: 61/61 MP: 7/7
  4243 | D:6      | Gained mutation: Your system is resistant to poisons.
                  | (rPois) [Green Draconian growth]
  4319 | D:6      | Reached skill level 5 in Dodging
  4574 | D:6      | Reached skill level 6 in Fighting
  4670 | D:6      | Reached XP level 8. HP: 46/70 MP: 8/8
  4788 | D:6      | Learned a level 3 spell: Mephitic Cloud
  4800 | D:6      | Found Lajaog's Antique Armour Shop.
  4808 | D:6      | Bought a pair of gloves for 94 gold pieces
  4975 | D:6      | Reached skill level 1 in Poison Magic
  5280 | D:6      | Reached skill level 7 in Fighting
  5316 | D:7      | Noticed Prince Ribbit
  5336 | D:7      | Killed Prince Ribbit
  5497 | D:7      | Noticed a troll
  5649 | D:7      | Killed a troll
  5773 | D:7      | Noticed Maggie
  5794 | D:7      | Killed Maggie
  5795 | D:7      | Reached skill level 8 in Fighting
  5795 | D:7      | Reached XP level 9. HP: 32/81 MP: 9/9
  6079 | D:7      | Found a hide-covered altar of Uskayaw.
  6095 | D:7      | Found a sacrificial altar of Ru.
  6106 | D:7      | Found a staircase to the Ecumenical Temple.
  6137 | Temple   | Entered the Ecumenical Temple
  6158 | Temple   | Became a worshipper of Ashenzari the Shackled
  6274 | D:7      | Noticed a troll
  6286 | D:7      | Killed a troll
  6287 | D:7      | Reached skill level 5 in Poison Magic
  6778 | D:7      | Found a runed translucent door.
  6779 | D:7      | Noticed Crazy Yiuf
  6851 | D:7      | Killed Crazy Yiuf
  6971 | D:7      | Reached skill level 9 in Fighting
  7216 | D:8      | Found a sand-covered staircase.
  7229 | Ossuary  | Entered an ossuary
  7657 | Ossuary  | Reached XP level 10. HP: 91/93 MP: 11/11
  7757 | D:8      | Found a staircase to the Lair.
  7757 | D:8      | Noticed an elephant
  7771 | D:8      | Reached skill level 1 in Spellcasting
  7796 | D:8      | Killed an elephant
  8529 | D:8      | Found a runed translucent door.
  8529 | D:8      | Noticed snackwell's ghost (novice DsIE)
  8556 | D:8      | Found an ornate altar of the Wu Jian Council.
  8599 | D:8      | Found a bloodstained altar of Trog.
  8681 | D:8      | Reached skill level 10 in Fighting
  9245 | D:9      | Noticed a lindwurm
  9257 | D:9      | Killed a lindwurm
  9302 | D:9      | Found Pyf Jigi's Weapon Shoppe.
  9304 | D:9      | Found Nonn's Antique Weapon Shop.
  9702 | D:9      | Reached XP level 11. HP: 47/102 MP: 17/17
 10261 | D:9      | Found a staircase to the Orcish Mines.
 10265 | D:9      | Reached skill level 10 in Long Blades
 10308 | D:10     | Entered Level 10 of the Dungeon
 10617 | D:10     | Found a blossoming altar of Fedhas.
 10622 | D:10     | Reached * piety under Ashenzari
 10622 | D:10     | Identified a scroll of acquirement
 10623 | D:10     | Acquired the amulet of Starshine {rPois rN+++ Regen+ Int-2
                  | Stlth+}
 10670 | D:10     | Found Qanwit's Armour Boutique.
 10762 | D:10     | Found a stormy altar of Qazlal.
 10878 | D:10     | Bought a +0 buckler for 76 gold pieces
 10929 | D:10     | Reached skill level 1 in Air Magic
 11270 | D:11     | Noticed a skeletal warrior
 11300 | D:11     | Noticed a purple ugly thing
 11308 | D:11     | Killed a purple ugly thing
 11309 | D:11     | Reached skill level 11 in Fighting
 11309 | D:11     | Reached skill level 1 in Shields
 11356 | D:11     | Reached ** piety under Ashenzari
 11457 | D:11     | Identified the +4 quarterstaff of Painful Death {freeze,
                  | *Rage ^Fragile rElec Dex+4 Stlth+}
 11465 | D:11     | Noticed a white ugly thing
 11552 | D:11     | Found a sparkling altar of Nemelex Xobeh.
 11577 | D:11     | Noticed a skeletal warrior
 11577 | D:11     | Noticed a skeletal warrior
 11587 | D:11     | Killed a skeletal warrior
 11588 | D:11     | Reached skill level 5 in Spellcasting
 11594 | D:11     | Killed a skeletal warrior
 11693 | D:11     | Killed a skeletal warrior
 12132 | D:11     | Noticed a purple ugly thing
 12143 | D:11     | Killed a purple ugly thing
 12327 | D:11     | Killed a white ugly thing
 12418 | D:12     | Noticed a two-headed ogre
 12430 | D:12     | Killed a two-headed ogre
 12518 | D:12     | Noticed a boulder beetle
 12540 | D:12     | Noticed a death yak
 12578 | D:12     | Killed a death yak
 12579 | D:12     | Reached skill level 12 in Fighting
 12579 | D:12     | Reached XP level 12. HP: 53/116 MP: 20/24
 12598 | D:12     | Killed a boulder beetle
 12723 | D:12     | Reached skill level 5 in Air Magic
 12749 | D:12     | Noticed a two-headed ogre
 12769 | D:12     | Killed a two-headed ogre
 12770 | D:12     | Reached skill level 1 in Conjurations
 12876 | D:12     | Noticed Josephine
 12891 | D:12     | Killed Josephine
 12928 | D:12     | Found a runed translucent gate.
 12928 | D:12     | Found a runed translucent gate.
 12929 | D:12     | Found a runed translucent gate.
 12929 | D:12     | Noticed an acid blob
 12929 | D:12     | Noticed a quicksilver ooze
 12929 | D:12     | Noticed an azure jelly
 12929 | D:12     | Noticed an acid blob
 12929 | D:12     | Noticed an azure jelly
 12930 | D:12     | Noticed an acid blob
 12930 | D:12     | Noticed an azure jelly
 12930 | D:12     | Noticed mirrorencyclopedia's ghost (journeyman GrEE)
 12930 | D:12     | Noticed an acid blob
 12930 | D:12     | Noticed an acid blob
 12932 | D:12     | Noticed a two-headed ogre
 12974 | D:12     | Noticed an acid blob
 12979 | D:12     | Noticed a rockslime
 12982 | D:12     | Slain by a two-headed ogre

Illustrated notes

Levels and vault maps discovered:
D:1:      scummos_arrival_simple_crosswalls, layout_rooms
D:2:      layout_basic, hangedman_decor_riveting, minmay_misc_feat_x,
          uniq_jessica
D:3:      layout_basic, nicolae_ecumenical_snake_handling
D:4:      layout_loops_ring
D:5:      layout_loops_cross, nzn_hepliaklqana_mist_gate, lemuel_flamethrower_2
D:6:      layout_loops_ring, serial_shops, nicolae_shop_dealshenge
D:7:      layout_gridville, mainiacjoe_overflow_catwalk_spiral,
          minmay_temple_entry_sparse_star, nicolae_tricolors,
          uniq_prince_ribbit1, uniq_maggie, uniq_crazy_yiuf_cottage
D:8:      layout_gridville, trog_hazing_becter,
          mainiacjoe_overflow_small_starburst, david_lair_generic,
          hellmonk_ghost_big_iron, enter_ossuary_1
D:9:      layout_big_octagon, david_orc_4, serial_shops, shop, shop,
          roderic_serpentine_path
D:10:     layout_loops_cross, grunt_temple_overflow_forces_of_nature,
          serial_shops, shop
D:11:     layout_loops_ring, nemelex_diamond_rough_becter
D:12:     layout_basic, gammafunk_ghost_ooze, serial_ice, serial_ice_i,
          serial_ice_a, serial_ice_f, serial_ice_h, serial_ice_m, serial_ice_c,
          serial_ice_g, serial_ice_e, serial_ice_b, serial_ice_n, uniq_josephine
Temple:   nicolae_temple_no_exploring_needed

Skill      XL: |  1  2  3  4  5  6  7  8  9 10 11 12 |
---------------+-------------------------------------+-----
Throwing       | 2 |  2.0
Dodging        | 3 4 5 |  5.7
Fighting       | 3 4 5 6 8 9 10 12 | 12.5
Long Blades    | 4 5 6 7 8 9 10 | 10.0
Poison Magic   | 4 7 9 |  9.2
Spellcasting   | 4 6 7 |  7.0
Air Magic      | 4 5 |  5.0
Shields        | 4 |  4.8
Conjurations   | 2 |  2.7

Action                     |  1- 3 |  4- 6 |  7- 9 | 10-12 || total
---------------------------+-------+-------+-------+-------++-------
  Melee: Long sword        |    93 |   139 |       |     9 ||   241
         Tailslap          |    11 |    28 |   100 |   104 ||   243
         Punch             |     1 |     2 |     7 |     8 ||    18
         Short sword       |       |    88 |   406 |   146 ||   640
         Scimitar          |       |       |    86 |   411 ||   497
  Throw: Throwing net      |       |       |       |     1 ||     1
   Cast: Mephitic Cloud    |       |       |       |     3 ||     3
 Invoke: Curse Item        |       |       |     1 |     2 ||     3
Ability: Breathe Noxious F |       |       |    11 |    12 ||    23
  Evoke: Wand              |       |     4 |       |     2 ||     6
    Use: Scroll            |       |       |       |     1 ||     1
         Potion            |       |       |       |     1 ||     1
   Stab: Sleeping          |     1 |     1 |     1 |     3 ||     6
         Paralysed         |       |     3 |       |     3 ||     6
         Confused          |       |       |    15 |    13 ||    28
 Armour: Skin              |    62 |   109 |   263 |   336 ||   770
  Dodge: Dodged            |    66 |   139 |   313 |   348 ||   866
  Block: Buckler           |       |       |       |    18 ||    18

Table legend: (Time is in decaauts)
 A = Elapsed time spent in this place.
 B = Non-inter-level travel time spent in this place.
 C = Inter-level travel time spent in this place.
 D = Time resting spent in this place.
 E = Time spent auto-exploring this place.
 F = Levels seen in this place.
 G = Mean time per level.
                   A        B        C        D        E       F      G
               +--------+--------+--------+--------+--------+-----+--------+
         Total |  12869 |  12546 |    323 |   2575 |   7290 |  14 |  919.2 |
       Dungeon |  12361 |  12038 |    323 |   2575 |   7062 |  12 | 1030.1 |
        Temple |     28 |     28 |      0 |      0 |      0 |   1 |   28.0 |
       Ossuary |    478 |    478 |      0 |      0 |    228 |   1 |  478.0 |
               +--------+--------+--------+--------+--------+-----+--------+

Top non-repeatable levels by time:
     D:7: 1661 daAuts
     D:8: 1416 daAuts
     D:9: 1203 daAuts
     D:6: 1148 daAuts
    D:10: 1115 daAuts
     D:5: 1090 daAuts
    D:11: 970 daAuts
     D:3: 940 daAuts
     D:2: 902 daAuts
     D:4: 867 daAuts
    D:12: 573 daAuts
 Ossuary: 478 daAuts
     D:1: 472 daAuts
  Temple: 28 daAuts
